 Dungeon Crawl Stone Soup version 0.31-a0-841-g038b102fc3 (webtiles) character file.

Game seed: 17105415694070264650

3894 javelincjr the Grappler (level 10, -5/94 HPs)
             Began as a Troll Shapeshifter on Sept 27, 2023.
             Was a Believer of Qazlal.
             Slain by an orc warrior
             ... wielding a +0 hand axe
              (16 damage)
             ... in a bailey.
             The game lasted 00:18:32 (5290 turns).

javelincjr the Grappler (Troll Shapeshifter)        Turns: 5290, Time: 00:18:32

Health: -5/94      AC:  4    Str: 30 (31) XL:     10   Next: 0%
Magic:  9/9        EV: 11    Int: 10 (12) God:    Qazlal [**....]
Gold:   332        SH:  2    Dex:  9      Spells: 9/9 levels left

rFire   . .          .
                       - Unarmed
rCold   . . .        (no shield)
rNeg    + . .        z - +0 robe {rN+}
rPois   +            (helmet currently unavailable)
rElec   .            (cloak currently unavailable)
rCorr   +            (gloves unavailable)
SInv    .            (boots unavailable)
Will    .....        (no amulet)
Stlth   +            x - ring of Cioffer {rPois Str+3 Int+6}
HPRegen 1.15/turn    r - ring of resist corrosion
MPRegen 0.11/turn

%: no passive effects
@: mighty, beast-form, attractive, invisible
A: beast (slay +4), large, unfitting armour, claws 3, regeneration 1, shaggy fur
1, tough skin 1
a: Begin Untransformation, Renounce Religion, Upheaval


You were in a bailey.
You worshipped Qazlal.
Qazlal was pleased with you.
You were a hulking beast.
You visited 2 branches of the dungeon, and saw 8 of its levels.
You also visited: Bailey.

You collected 332 gold pieces.

Inventory:

Hand Weapons
 u - a +0 hand axe
 B - a +3 dagger of speed
 I - a +1 trident of venom
 L - a +1 flail of protection
Missiles
 j - 5 darts of dispersal (quivered)
 G - 11 boomerangs
Armour
 a - a +0 animal skin
 m - a +2 hat
 s - a +0 buckler
 v - a +0 pair of gloves
 z - a +0 robe of positive energy (worn)
Jewellery
 f - a +6 ring of intelligence
 r - a ring of resist corrosion (right claw)
 x - the ring of Cioffer (left claw) {rPois Str+3 Int+6}
   (You found it on level 3 of the Dungeon)

   [ring of intelligence]

   Str+3:     It affects your strength (+3).
   Int+6:     It affects your intelligence (+6).
   rPois:     It protects you from poison
 E - a ring of fire
 P - a ring of wizardry
Talismans
 c - a beast talisman (active)
 d - a flux talisman
Wands
 q - a wand of iceblast (11)
 N - a wand of flame (12)
Scrolls
 g - 2 scrolls of enchant weapon
 h - 6 scrolls of teleportation
 i - 3 scrolls of poison
 k - 2 scrolls of amnesia
 o - a scroll of revelation {unknown}
 t - 2 scrolls of brand weapon {unknown}
 w - 3 scrolls of fog {unknown}
 y - 3 scrolls of silence
 A - 2 scrolls of vulnerability {unknown}
 F - a scroll of butterflies {unknown}
 J - 4 scrolls of fear
 M - a scroll of blinking {unknown}
Potions
 b - 2 potions of lignification
 e - 2 potions of enlightenment
 l - a potion of curing
 p - a potion of degeneration
 D - a potion of invisibility
 H - a potion of resistance {unknown}
 K - a potion of mutation {unknown}
 O - a potion of ambrosia {unknown}
 Q - a potion of magic {unknown}
 R - a potion of cancellation {unknown}
 S - a potion of heal wounds {unknown}


   Skills:
 + Level 4.8 Fighting
 + Level 5.1 Dodging
 * Level 8.9 Unarmed Combat
 * Level 8.2 Shapeshifting


You had 9 spell levels left.
You didn't know any spells.
Your spell library contained the following spells:

 Spells                   Type           Power      Damage    Failure   Level
 Apportation              Tloc           0%         N/A       36%         1
 Necrotise                Necr           0%         1d4       36%         1
 Summon Small Mammal      Summ           0%         N/A       36%         1


Dungeon Overview and Level Annotations

Branches:
Dungeon (7/15)             Temple (1/1) D:6          Bailey (1/1)

Altars:
Ashenzari
Cheibriados
Dithmenos
Elyvilon
Gozag
Hepliaklqana
Kikubaaqudgha
Makhleb
Nemelex Xobeh
Okawaru
Qazlal
Ru
Sif Muna
Trog
Uskayaw
Vehumet
Wu Jian
Xom
Zin

Shops:
D:1 *   D:5 ?   D:6 *


Innate Abilities, Weirdness & Mutations

You are a hulking beast.
Your limbs bulge with bestial killing power. (Slay +4)
You are too large for most types of armour.
You have claws for hands.
Your natural rate of healing is unusually fast.
You are covered in fur. (AC +1)
You have tough skin. (AC +1)


Message History

The orc warlord is heavily wounded.
The orc warlord hits you with a +2 broad axe.
You claw the orc warlord!
The orc warlord is heavily wounded.
The orc warlord hits you with a +2 broad axe!
You strike the helpless orc warlord from behind!
You scratch the orc warlord but do no damage.
The orc warlord is heavily wounded.
The orc warlord roars a battlecry!
The orcs go into a battle-frenzy!
You mangle the orc warlord!! You claw the orc warlord!
The orc warlord is severely wounded.
The orc warlord hits you with a +2 broad axe!!
* * * LOW HITPOINT WARNING * * *
You claw the orc warlord!
The orc warlord is almost dead.
You claw the orc warlord!
The orc warlord is almost dead.
The orc warlord barely misses you.
You catch the helpless orc warlord completely off-guard!
You claw the orc warlord!
You kill the orc warlord!
Qazlal accepts your kill.
You feel your dexterity returning.
Your Dodging skill increases to level 5!
Your Shapeshifting skill increases to level 8!
You have reached level 10!
You mangle the orc!!
You kill the orc!
Qazlal accepts your kill.
You can now call upon nature to destroy your foes.
You mangle the orc!!
You kill the orc!
Qazlal accepts your kill.
You miss the orc warrior.
The orc warrior hits you with a +0 hand axe!
* * * LOW HITPOINT WARNING * * *
You barely miss the orc warrior.
The orc warrior hits you with a +0 hand axe!
You die...

#...........#.........
#...........#.........
###..)......###........
###.#'#.....###.###.....#
###.....###.###...
###.### ##.........###
.... ###.. #..........8#
..... #...
#..........8#...... #...
#∩....⌠...°ho...... #...
#..........8#...... #...
#..........8# ..... #...
##.........### .... ###..
###...).###.###...
###.###
###.#)#.....###.###.....#
###.).......###........
#...........#.........
#...........#.........


You could see an orc warrior (strong, unable to see you).

Vanquished Creatures
  An orc warlord (Bailey)
  Edmund (D:6)
  4 water moccasins
  9 orc warriors
  2 sky beasts (D:6)
  3 black bears (D:6)
  An ogre (D:4)
  A bullfrog (D:6)
  A scorpion (D:5)
  3 killer bees (D:5)
  2 hounds
  4 orc priests
  3 jellies
  A gnoll bouda (D:7)
  A sleepcap (D:4)
  5 iguanas
  5 orc wizards
  11 gnolls
  5 adders
  A white imp (D:5)
  An ufetubus (D:4)
  3 worms
  4 dart slugs
  37 orcs
  5 endoplasms
  A giant cockroach (D:4)
  12 goblins
  13 hobgoblins
  2 jackals (D:4)
  2 quokkas
  3 ball pythons
  2 bats
  3 frilled lizards
  5 kobolds
  3 rats
160 creatures vanquished.

Notes
Turn   | Place    | Note
-------+----------+-------------------------------------------
     0 | D:1      | javelincjr the Troll Shapeshifter began the quest for the
                  | Orb.
     0 | D:1      | Reached XP level 1. HP: 18/18 MP: 0/0
    78 | D:1      | Found Yqo Pumu's General Store.
   419 | D:1      | Reached skill level 1 in Fighting
   515 | D:1      | Reached XP level 2. HP: 27/27 MP: 1/1
  1448 | D:3      | Reached XP level 3. HP: 20/33 MP: 2/2
  1582 | D:3      | Identified the ring of Cioffer {rPois Str+3 Int+6}
  1664 | D:3      | Reached XP level 4. HP: 42/42 MP: 3/3
  2083 | D:3      | Found a sparkling altar of Nemelex Xobeh.
  2124 | D:4      | Reached XP level 5. HP: 49/49 MP: 4/4
  2251 | D:4      | Noticed an ogre
  2263 | D:4      | Killed an ogre
  2509 | D:4      | Reached XP level 6. HP: 57/57 MP: 5/5
  2824 | D:5      | Entered Level 5 of the Dungeon
  2848 | D:5      | HP: 2/59 [killer bee (2)]
  2850 | D:5      | Reached skill level 5 in Unarmed Combat
  2904 | D:5      | Reached XP level 7. HP: 61/66 MP: 6/6
  3287 | D:5      | Reached skill level 5 in Shapeshifting
  3309 | D:5      | Found Myraurghe's Magic Scroll Shoppe.
  3875 | D:6      | Noticed Edmund
  3886 | D:6      | Killed Edmund
  3887 | D:6      | Reached XP level 8. HP: 44/75 MP: 7/7
  4120 | D:6      | Found a shadowy altar of Dithmenos.
  4187 | D:6      | Found a staircase to the Ecumenical Temple.
  4202 | Temple   | Entered the Ecumenical Temple
  4215 | Temple   | Became a worshipper of Qazlal Stormbringer
  4469 | D:6      | Found Dihau's Serpentskin Sales.
  4543 | D:7      | Reached XP level 9. HP: 73/84 MP: 8/8
  4880 | D:7      | Found a flagged portal.
  4907 | Bailey   | Entered a bailey
  4957 | Bailey   | Reached * piety under Qazlal
  5267 | Bailey   | Noticed an orc warlord
  5286 | Bailey   | Killed an orc warlord
  5287 | Bailey   | Reached skill level 5 in Dodging
  5287 | Bailey   | Reached XP level 10. HP: 21/94 MP: 9/9
  5287 | Bailey   | Reached ** piety under Qazlal
  5290 | Bailey   | Slain by an orc warrior

Illustrated notes

Levels and vault maps discovered:
D:1:      scummos_arrival_simple_crosswalls, layout_basic, serial_shops,
          nicolae_diamond_shop, dk_noncrumbling_2, minivault_11
D:2:      layout_basic
D:3:      layout_basic, nemelex_dance_club_becter
D:4:      minmay_door_path, layout_basic, nrook_mini_backslash
D:5:      layout_loops_cross, nicolae_wooded_promenade, kennysheep_potato
D:6:      layout_cave_pools, old_standard_altar,
          minmay_temple_entry_proselytizer, guppyfry_shop_venom, uniq_edmund
D:7:      layout_basic, enter_bailey_4
Temple:   nicolae_temple_bog_church
Bailey:   bailey_axe_minmay_hex_keep, bailey

Skill      XL: |  1  2  3  4  5  6  7  8  9 |
---------------+----------------------------+-----
Fighting       | 1 2 3 4 |  4.8
Dodging        | 2 3 4 5 |  5.1
Unarmed Combat | 4 5 6 7 8 |  8.9
Shapeshifting  | 4 5 6 8 |  8.2

Action                     |  1- 3 |  4- 6 |  7- 9 | 10-12 || total
---------------------------+-------+-------+-------+-------++-------
  Melee: Unarmed           |    53 |    30 |   180 |     4 ||   267
         Dagger            |       |   113 |    48 |       ||   161
         Punch             |       |     6 |     6 |       ||    12
         Trident           |       |       |    40 |       ||    40
    Use: Scroll            |       |       |     7 |       ||     7
         Potion            |       |       |     5 |       ||     5
   Stab: Sleeping          |       |     1 |     1 |       ||     2
         Invisible         |       |       |     3 |       ||     3
 Armour: Animal skin       |    31 |     4 |       |       ||    35
         Robe              |       |    92 |   165 |     2 ||   259
  Dodge: Dodged            |    21 |    53 |   101 |       ||   175

Table legend: (Time is in decaauts)
 A = Elapsed time spent in this place.
 B = Non-inter-level travel time spent in this place.
 C = Inter-level travel time spent in this place.
 D = Time resting spent in this place.
 E = Time spent auto-exploring this place.
 F = Levels seen in this place.
 G = Mean time per level.
                   A        B        C        D        E       F      G
               +--------+--------+--------+--------+--------+-----+--------+
         Total |   5215 |   4959 |    256 |    150 |   3565 |   9 |  579.4 |
       Dungeon |   4819 |   4587 |    232 |    150 |   3554 |   7 |  688.4 |
        Temple |     26 |      2 |     24 |      0 |      0 |   1 |   26.0 |
        Bailey |    368 |    368 |      0 |      0 |     11 |   1 |  368.0 |
               +--------+--------+--------+--------+--------+-----+--------+

Top non-repeatable levels by time:
     D:5: 989 daAuts
     D:3: 805 daAuts
     D:1: 765 daAuts
     D:4: 730 daAuts
     D:6: 616 daAuts
     D:2: 535 daAuts
     D:7: 377 daAuts
  Bailey: 368 daAuts
  Temple: 26 daAuts
